 Dungeon Crawl Stone Soup version 0.28.0-53-g5a82cb258f (webtiles) character file.

Game seed: 8297477353042438548

91 Gabide the Ducker (level 4, 0/28 HPs)
             Began as a Tengu Monk on June 14, 2022.
             Slain by an orc
             ... wielding a +0 trident
              (3 damage)
             ... on level 3 of the Dungeon.
             The game lasted 00:01:52 (2242 turns).

Gabide the Ducker (Tengu Monk)                      Turns: 2242, Time: 00:01:53

Health: 0/28       AC:  5    Str: 12    XL:     4   Next: 59%
Magic:  5/5        EV: 13    Int: 10    God:
Gold:   101        SH:  0    Dex: 24    Spells: 3/3 levels left

rFire   . . .      SeeInvis .   a - +0 spear
rCold   . . .      Faith    .   (no shield)
rNeg    . . .      Spirit   .   d - +0 ring mail
rPois   .          Reflect  .   (helmet restricted)
rElec   .          Harm     .   (no cloak)
rCorr   .          Rampage  .   (no gloves)
Will    .....                   (boots unavailable)
Stlth   +.........              (no amulet)
HPRegen 0.09/turn               h - +6 ring of dexterity
MPRegen 0.09/turn               (no ring)

@: confused
A: beak, talons 3
a: no special abilities


You were on level 3 of the Dungeon.
You visited 1 branch of the dungeon, and saw 3 of its levels.

You collected 101 gold pieces.

Inventory:

Hand Weapons
 a - a +0 spear (weapon)
Armour
 d - a +0 ring mail (worn)
Jewellery
 h - a +6 ring of dexterity (left hand)
Scrolls
 b - a scroll of teleportation
 c - a scroll of fear
 e - a scroll of torment {unknown}
 f - a scroll of magic mapping {unknown}
 g - a scroll of vulnerability {unknown}
 i - 2 scrolls of amnesia {unknown}
 j - 2 scrolls of silence {unknown}
 k - a scroll of brand weapon {unknown}


   Skills:
 + Level 3.6 Fighting
 + Level 4.0 Polearms
 * Level 4.7 Dodging
 - Level 2.0 Stealth


You had 3 spell levels left.
You didn't know any spells.
Your spell library was empty.

Dungeon Overview and Level Annotations

Branches:
Dungeon (3/15)

Altars:


Innate Abilities, Weirdness & Mutations

You have a beak for a mouth.
You have claws for feet.


Message History

The orc is moderately wounded.
The orc hits you with a +0 short sword. The orc hits you but does no damage.
You hit the orc.
You kill the orc!
The orc misses you.
You hit the orc. Your kick misses the orc.
The orc is heavily wounded.
The orc misses you. The orc hits you with a +0 short sword.
You closely miss the orc. You peck the orc, but do no damage.
The orc is heavily wounded.
The orc wizard gestures wildly while chanting.
The orc wizard flickers and vanishes!
Deactivating autopickup; reactivate with Ctrl-A.
The orc hits you but does no damage.
You hit the orc. You claw the orc.
You kill the orc!
You reach to attack!
You closely miss the orc. You hit the orc. You claw the orc.
The orc is almost dead.
The orc misses you. The orc hits you but does no damage.
You hit the orc.
You kill the orc!
You hear some strange, mumbled words.
A puff of flame appears from out of thin air!
The puff of flame hits you!
The orc hits you from afar with a +0 trident.
* * * LOW HITPOINT WARNING * * *
You aren't carrying any potions.
You hear some strange, mumbled words.
You are confused.
You aren't carrying any potions.
Unknown command.
You are too confused!
You bump into the rock wall.
You bump into the rock wall.
Something barely misses you.
The orc hits you from afar with a +0 trident.
* * * LOW HITPOINT WARNING * * *
You hit something. Something hits you but does no damage.
The orc hits you from afar with a +0 trident.
You die...

......... .# #
.#####.##
.##.##. .## #.#
#####)......
..## #.#
#....)....#
##.###.#
#.#####...#
###.##.# #.# ##
.##....# #o#
#.#.#### #.#
......# #@#
##.##^# #[#
#..#.# #.#
##..#.# #.#
....#.# #.#
###.#.# #.#
#.#.##########.#
#.#............#
#...........####


You could see an orc.

Vanquished Creatures
  2 adders (D:2)
  3 dart slugs
  4 worms
  3 orcs (D:3)
  4 bats
  4 endoplasms
  4 giant cockroaches
  2 goblins (D:1)
  2 hobgoblins
  2 jackals (D:1)
  A quokka (D:1)
  8 ball pythons
  4 frilled lizards
  7 kobolds
  3 rats
53 creatures vanquished.

Notes
Turn   | Place    | Note
-------+----------+-------------------------------------------
     0 | D:1      | Gabide the Tengu Monk began the quest for the Orb.
     0 | D:1      | Reached XP level 1. HP: 14/14 MP: 2/2
   262 | D:1      | Reached XP level 2. HP: 16/19 MP: 3/3
   580 | D:1      | Reached XP level 3. HP: 23/23 MP: 4/4
  1622 | D:2      | Reached XP level 4. HP: 23/28 MP: 5/5
  2242 | D:3      | Slain by an orc

Illustrated notes

Levels and vault maps discovered:
D:1:      saegor_arrival_simple_a, layout_loops_ring
D:2:      layout_rooms, minmay_box_of_dots
D:3:      layout_loops_ring, minmay_puff

Skill      XL: |  1  2  3  4 |
---------------+-------------+-----
Dodging        | 4 |  4.7
Polearms       | 4 |  4.0
Fighting       | |  3.6
Stealth        | |  2.0

Action                   |  1- 3 |  4- 6 || total
-------------------------+-------+-------++-------
Melee: Spear             |   111 |    47 ||   158
       Peck              |    13 |     6 ||    19
       Kick              |    24 |    11 ||    35
       Punch             |     1 |       ||     1
  Use: Scroll            |     2 |       ||     2
 Stab: Sleeping          |     4 |     3 ||     7
       Distracted        |     1 |       ||     1
Armor: Ring mail         |    23 |     7 ||    30
Dodge: Dodged            |    35 |    15 ||    50
